 Dungeon Crawl Stone Soup version 0.29.1-4-g47bece8355 (webtiles) character file.

Game seed: 14115018497649996763

114 PhantomBowie the Trooper (level 4, -1/29 HPs)
             Began as a Gargoyle Berserker on Dec 6, 2022.
             Was a Believer of Trog.
             Slain by Sigmund
             ... wielding a +2 scythe of freezing
              (12 damage)
             ... on level 2 of the Dungeon.
             The game lasted 00:06:22 (2380 turns).

PhantomBowie the Trooper (Gargoyle Berserker)       Turns: 2380, Time: 00:06:23

Health: -1/29      AC: 10    Str: 23    XL:     4   Next: 97%
Magic:  4/4        EV: 11    Int:  7    God:    Trog [**....]
Gold:   54         SH:  0    Dex:  9    Spells: 3/3 levels left

rFire   . . .      SeeInvis .   a - +0 mace
rCold   . . .      Faith    .   (no shield)
rNeg    + . .      Spirit   .   c - +0 ring mail
rPois   ∞          Reflect  .   b - +0 helmet
rElec   +          Harm     .   (no cloak)
rCorr   .          Rampage  .   (no gloves)
Will    .....                   (no boots)
Stlth   ..........              (no amulet)
HPRegen 0.09/turn               (no ring)
MPRegen 0.09/turn               (no ring)

@: no status effects
A: sickness immunity, AC +3, negative energy resistance 1, electricity
resistance, torment resistance 1, petrification resistance
a: Renounce Religion, Berserk, Trog's Hand


You were on level 2 of the Dungeon.
You worshipped Trog.
Trog was pleased with you.
You visited 1 branch of the dungeon, and saw 2 of its levels.

You collected 54 gold pieces.

Inventory:

Hand Weapons
 a - a +0 mace (weapon)
Armour
 b - a +0 helmet (worn)
 c - a +0 ring mail (worn)
Scrolls
 e - 2 scrolls of blinking {unknown}
 i - 5 scrolls of identify {unknown}
 j - a scroll of brand weapon {unknown}
 k - a scroll of torment {unknown}
 l - a scroll of amnesia {unknown}
Potions
 d - 2 potions of curing {unknown}
 f - 2 potions of invisibility {unknown}
 g - a potion of attraction {unknown}
 h - a potion of degeneration {unknown}


   Skills:
 + Level 4.1 Fighting
 + Level 3.7 Maces & Flails
 + Level 3.3 Armour
 + Level 2.4 Dodging


You had 3 spell levels left.
You didn't know any spells.
Your spell library was empty.

Dungeon Overview and Level Annotations

Branches:
Dungeon (2/15)

Altars:
Gozag

Annotations:
D:2 Sigmund


Innate Abilities, Weirdness & Mutations

You are immune to sickness and miasma.
Your stone body is resilient. (AC +3)
You are immune to poison.
You resist negative energy. (rN+)
You are resistant to electric shocks. (rElec)
You are resistant to unholy torment.
You are immune to petrification.


Message History

There is a stone staircase leading up here.
Sigmund zaps a wand.
The puff of flame hits you.
There is a stone staircase leading up here.
Sigmund hits you with a +2 scythe of freezing.
Sigmund freezes you.
You closely miss Sigmund.
Sigmund zaps a wand.
The puff of flame hits you!
You closely miss Sigmund. Sigmund closely misses you.
You hit Sigmund. You punch Sigmund, but do no damage.
Sigmund is moderately wounded.
Sigmund hits you but does no damage.
You sock Sigmund!
Sigmund is heavily wounded.
Sigmund points at you and mumbles some strange words.
You are confused.
You bump into the rock wall.
Sigmund hits you but does no damage.
You are too confused!
You barely miss Sigmund. Your punch misses Sigmund.
Sigmund is heavily wounded.
Sigmund giggles. "Time to reap what you sow."
Sigmund casts a spell at you. The magic dart hits you.
You closely miss Sigmund.
Sigmund is heavily wounded.
Sigmund barely misses you.
You hit Sigmund.
Sigmund is severely wounded.
Sigmund zaps a wand.
The puff of flame hits you.
You completely miss Sigmund.
Sigmund is severely wounded.
Sigmund closely misses you.
You feel less confused.
Sigmund zaps a wand.
The puff of flame hits you.
The giant cockroach bites you but does no damage.
You hit Sigmund.
Sigmund is almost dead.
Sigmund zaps a wand.
The puff of flame hits you but does no damage.
The giant cockroach closely misses you. x2
Sigmund hits you with a +2 scythe of freezing!
You die...

..'.........##.).##...[.......
###....#.#..#..8..#..#.#######
# #....#.#...........#.# #
#....#.##.######.#.#.#
###..............#.#.#.#
.........##.####.#.#.#.#######
..........#.#
#..)).#.......####
.....####.#.#
#...<.#..........#
#..#........#
##@@####..........#
.......##.###
#..B...'......._..#
#.....:##.#
#...####..........#
..8....##.# #...##
#..........# #......##.#
#....#######.....##
##.....##.######.......#
#######
#......................#
..8...###..............#
#.................######


You could see Sigmund and a giant cockroach.

Vanquished Creatures
  Robin (D:2)
  A gnoll (D:2)
  3 adders (D:2)
  3 dart slugs
  2 bats
  3 endoplasms
  4 giant cockroaches
  8 goblins
  11 hobgoblins
  4 jackals (D:1)
  3 quokkas (D:1)
  6 ball pythons
  3 frilled lizards
  2 kobolds (D:1)
  2 rats (D:2)
56 creatures vanquished.

Notes
Turn   | Place    | Note
-------+----------+-------------------------------------------
     0 | D:1      | PhantomBowie the Gargoyle Berserker began the quest for the
                  | Orb.
     0 | D:1      | Reached XP level 1. HP: 14/14 MP: 1/1
   113 | D:1      | Reached XP level 2. HP: 19/19 MP: 2/2
   873 | D:1      | Reached XP level 3. HP: 23/23 MP: 3/3
  1482 | D:2      | Noticed Robin
  1635 | D:1      | Reached XP level 4. HP: 29/29 MP: 4/4
  1646 | D:1      | Reached ** piety under Trog
  1891 | D:2      | Killed Robin
  1892 | D:2      | Reached skill level 4 in Fighting
  1906 | D:2      | Found an opulent altar of Gozag.
  2349 | D:2      | Noticed Sigmund
  2380 | D:2      | Slain by Sigmund

Illustrated notes

Levels and vault maps discovered:
D:1:      roderic_dead_forest, layout_basic, minmay_misc_feat_enclosed,
          kennysheep_decorative_pillar
D:2:      layout_basic, hellmonk_ecumenical_altar_arch_garden, basic_altar,
          minmay_misc_feat_nine_boxes, st_stairs_5,
          minmay_misc_feat_four_crosses, mrwooster_statue_mirror,
          serial_bayou_crossing, uniq_robin, uniq_crazy_yiuf_cottage,
          uniq_sigmund

Skill      XL: |  1  2  3  4 |
---------------+-------------+-----
Dodging        | 2 |  2.4
Armour         | 3 |  3.3
Fighting       | 4 |  4.1
Maces & Flails | |  3.7

Action                   |  1- 3 |  4- 6 || total
-------------------------+-------+-------++-------
Melee: Mace              |   130 |    79 ||   209
       Punch             |       |     1 ||     1
Armor: Animal skin       |     9 |       ||     9
       Ring mail         |    57 |    39 ||    96
Dodge: Dodged            |    94 |    56 ||   150
